 Dungeon Crawl Stone Soup version 0.31-a0-1-g4198be8af4 (webtiles) character file.

Game seed: 10597656439534003097

14 Firecrotchwizard the Digger (level 2, -1/15 HPs)
             Began as a Gargoyle Earth Elementalist on May 2, 2023.
             Slain by a frilled lizard (2 damage)
             ... on level 1 of the Dungeon.
             The game lasted 00:00:53 (315 turns).

Firecrotchwizard the Digger (GrEE)                   Turns: 315, Time: 00:00:53

Health: -1/15      AC:  4    Str: 11    XL:     2   Next: 45%
Magic:  5/5        EV: 11    Int: 15    God:
Gold:   0          SH:  0    Dex: 10    Spells: 4/5 levels left

rFire   . . .        c - +0 short sword
rCold   . . .        (no shield)
rNeg    + . .        a - +0 robe
rPois   ∞            (no helmet)
rElec   +            (no cloak)
rCorr   .            (no gloves)
SInv    .            (no boots)
Will    .....        (no amulet)
Stlth   ++           (no ring)
HPRegen 0.22/turn    (no ring)
MPRegen 0.09/turn

%: no passive effects
@: no status effects
A: sickness immunity, AC +2, negative energy resistance 1, electricity
resistance, torment resistance 1, petrification resistance
a: no special abilities


You were on level 1 of the Dungeon.
You visited 1 branch of the dungeon, and saw 1 of its levels.

Inventory:

Hand Weapons
 c - a +0 short sword (weapon)
Armour
 a - a +0 robe (worn)
Scrolls
 f - 2 scrolls of identify {unknown}
Potions
 b - a potion of magic
 d - a potion of curing {unknown}
 e - a potion of heal wounds {unknown}
 g - a potion of cancellation {unknown}


   Skills:
 - Level 1.5 Dodging
 - Level 2.1 Stealth
 + Level 2.4 Spellcasting
 - Level 0.7 Transmutations
 + Level 4.1 Earth Magic


You had 4 spell levels left.
You knew the following spells:

 Your Spells              Type           Power      Damage    Failure   Level
a - Sandblast             Erth           28%        2d8       3%          1

Your spell library contained the following spells:

 Spells                   Type           Power      Damage    Failure   Level
 Passwall                 Tmut/Erth      7%         N/A       12%         2
 Stone Arrow              Conj/Erth      16%        3d8       26%         3
 Petrify                  Tmut/Erth      9%         N/A       61%         4


Dungeon Overview and Level Annotations

Branches:
Dungeon (1/15)

Altars:


Innate Abilities, Weirdness & Mutations

You are immune to sickness and miasma.
Your stone body is resilient. (AC +2)
You are immune to poison.
You resist negative energy. (rN+)
You are resistant to electric shocks. (rElec)
You are resistant to unholy torment.
You are immune to petrification.


Message History

You kill the kobold!
No target in view!
No target in view!
No target in view!
No target in view!
No target in view!
No target in view!
No target in view!
No target in view!
No target in view!
No target in view!
A quokka comes into view.
You see here a +0 whip.
No target in view!
No target in view!
A quokka is nearby!
The quokka bites you.
You miss the quokka. The quokka barely misses you.
You miss the quokka. The quokka misses you.
You closely miss the quokka. The quokka closely misses you.
You hit the quokka.
The quokka is heavily wounded.
The quokka bites you. x2
You miss the quokka.
The quokka is heavily wounded.
The quokka bites you.
You barely miss the quokka.
The quokka is heavily wounded.
The quokka closely misses you.
You closely miss the quokka.
The quokka is heavily wounded.
The quokka closely misses you.
You hit the quokka.
You kill the quokka!
No target in view!
No target in view!
No target in view!
No target in view!
No target in view!
No target in view!
No target in view!
No target in view!
No target in view!
No target in view!
No target in view!
No target in view!
No target in view!
No target in view!
No target in view!
You see here a quokka corpse.
A frilled lizard and a hobgoblin come into view.
Found a scroll labelled YPPUMI JOPAN.
The hobgoblin shouts!
A quokka comes into view.
The frilled lizard hisses angrily.
You closely miss the quokka.
The quokka bites you but does no damage.
The hobgoblin barely misses you.
A hobgoblin comes into view.
The quokka misses you.
You closely miss the quokka.
The hobgoblin shouts!
The quokka bites you.
You hit the quokka but do no damage. The quokka bites you.
The hobgoblin barely misses you.
You barely miss the quokka. The quokka barely misses you.
The hobgoblin hits you. The hobgoblin barely misses you.
You hit the quokka but do no damage. The quokka barely misses you.
The hobgoblin barely misses you. The hobgoblin closely misses you.
The frilled lizard closely misses you.
You hit the quokka but do no damage. The quokka closely misses you.
The hobgoblin barely misses you. The hobgoblin misses you.
The frilled lizard bites you but does no damage.
The quokka closely misses you.
You closely miss the quokka. The quokka bites you.
The frilled lizard bites you but does no damage.
The hobgoblin completely misses you. The hobgoblin misses you.
You closely miss the quokka. The quokka barely misses you.
The hobgoblin hits you but does no damage.
The frilled lizard barely misses you.
The hobgoblin hits you but does no damage.
You barely miss the quokka. The quokka barely misses you.
The hobgoblin barely misses you. The frilled lizard closely misses you.
The hobgoblin completely misses you.
You barely miss the quokka. The quokka closely misses you.
The hobgoblin barely misses you. The frilled lizard bites you.
The hobgoblin hits you.
* * * LOW HITPOINT WARNING * * *
You closely miss the frilled lizard. The quokka bites you.
* * * LOW HITPOINT WARNING * * *
The frilled lizard barely misses you. The hobgoblin hits you.
* * * LOW HITPOINT WARNING * * *
The hobgoblin hits you.
* * * LOW HITPOINT WARNING * * *
The quokka bites you.
* * * LOW HITPOINT WARNING * * *
Unknown command.
The hobgoblin attacks as you move away! The hobgoblin completely misses you.
The frilled lizard bites you.
You die...

....##............#
...##.####....####
#......#[#....#
#....#.....#..#
#..#....#....##
#....#...).#...... #
##.#..†#.#†...####
###.###.#####.####.#
#...gr@....?... .#
#....gl.......## ##
........#######.#
........# #.#
#.......# #..
###...### #... ####


You could see a quokka, 2 hobgoblins and a frilled lizard.

Vanquished Creatures
  A dart slug (D:1)
  An endoplasm (D:1)
  2 giant cockroaches (D:1)
  3 hobgoblins (D:1)
  2 kobolds (D:1)
  A quokka (D:1)
10 creatures vanquished.

Notes
Turn   | Place    | Note
-------+----------+-------------------------------------------
     0 | D:1      | Firecrotchwizard the Gargoyle Earth Elementalist began the
                  | quest for the Orb.
     0 | D:1      | Reached XP level 1. HP: 10/10 MP: 3/3
   180 | D:1      | Reached XP level 2. HP: 13/15 MP: 5/5
   196 | D:1      | Reached skill level 4 in Earth Magic
   315 | D:1      | Slain by a frilled lizard

Illustrated notes

Levels and vault maps discovered:
D:1:      lemuel_arrival_behind_the_door_small, layout_loops_ring,
          minmay_misc_feat_five

Skill      XL: |  1  2 |
---------------+-------+-----
Earth Magic    | 4 |  4.1
Dodging        | |  1.5
Stealth        | |  2.1
Spellcasting   | |  2.4
Transmutations | |  0.7

Action                     || total
---------------------------++-------
  Melee: Short sword       ||    68
   Cast: Sandblast         ||     3
 Armour: Robe              ||    19
  Dodge: Dodged            ||    53

Table legend: (Time is in decaauts)
 A = Elapsed time spent in this place.
 B = Non-inter-level travel time spent in this place.
 C = Inter-level travel time spent in this place.
 D = Time resting spent in this place.
 E = Time spent auto-exploring this place.
 F = Levels seen in this place.
 G = Mean time per level.
                   A        B        C        D        E       F      G
               +--------+--------+--------+--------+--------+-----+--------+
         Total |    316 |    316 |      0 |     38 |    165 |   1 |  316.0 |
       Dungeon |    316 |    316 |      0 |     38 |    165 |   1 |  316.0 |
               +--------+--------+--------+--------+--------+-----+--------+

Top non-repeatable levels by time:
     D:1: 316 daAuts
